Cogmind - Beta 15 @@@ ROGUE MODE // 2025.06.02 @ 23:29:11 Player: Darcyisverycute Result: Self-destructed Performance ------------- Evolutions (3) 1500 Regions Visited (5) 1000 Robots Destroyed (0) 0 Value Destroyed (0) 0 Prototype IDs (0) 0 Alien Tech Used (0) 0 Bonus (834) 834 TOTAL SCORE: 3334 Bonus ------- Pacifist 834 Cogmind --------- Core Integrity 348/700 Matter 285/300 Energy 100/100 System Corruption 0% Temperature Cool (0) Movement Core (50) Location -7/Lower Caves Parts ------- > --- POWER (1) -------- (None) > --- PROPULSION (6) --- (None) > --- UTILITY (4) ------ Advanced Terrain Scan Processor > --- WEAPON (2) ------- (None) > --- INVENTORY (5) ---- Light Ion Engine Micro Nuclear Core Light Treads Improved Terrain Scan Processor Plasma Cutter Peak State ------------ > --- POWER ------------ (None) > --- PROPULSION ------- Gravmag System > --- UTILITY ---------- Advanced Terrain Scan Processor > --- WEAPON ----------- (None) > --- INVENTORY -------- Light Ion Engine Micro Nuclear Core Light Treads Improved Terrain Scan Processor Plasma Cutter [Rating: 9] Favorites ----------- Power None Propulsion Light Treads Treads Light Treads Hover Unit Gravmag System Utility Advanced Terrain Scan Processor Processor Advanced Terrain Scan Processor Weapon None Build | -11 -10 -9 -8 -7 -7 ------- Run | Yrd Mat Mat Mat Fac Low Slots Evolved 6 | . . 2 2 2 . Power . | . . . . . . Propulsion 4 | . . 2 . 2 . Utility 2 | . . . 2 . . Weapon . | . . . . . . Parts Attached 3 | 1 . . . 2 . Power . | . . . . . . Engine . | . . . . . . Core . | . . . . . . Reactor . | . . . . . . Propulsion 2 | 1 . . . 1 . Treads 1 | 1 . . . . . Leg . | . . . . . . Wheel . | . . . . . . Hover 1 | . . . . 1 . Flight . | . . . . . . Utility 1 | . . . . 1 . Device . | . . . . . . Storage . | . . . . . . Processor 1 | . . . . 1 . Hackware . | . . . . . . Protection . | . . . . . . Artifact . | . . . . . . Weapon . | . . . . . . Energy Gun . | . . . . . . Energy Cannon . | . . . . . . Ballistic Gun . | . . . . . . Ballistic Cannon . | . . . . . . Launcher . | . . . . . . Special Weapon . | . . . . . . Impact Weapon . | . . . . . . Slashing Weapon . | . . . . . . Piercing Weapon . | . . . . . . Special Melee Weapon . | . . . . . . Unidentified Prototypes . | . . . . . . Parts Lost 2 | . . . 1 1 . Power . | . . . . . . Propulsion 2 | . . . 1 1 . Utility . | . . . . . . Weapon . | . . . . . . Highest Loss Streak 1 | . . . 1 1 . To Critical Strikes . | . . . . . . Average Backups 3 | 1 2 2 3 4 5 Power 1 | . 1 1 1 1 2 Propulsion . | . 1 1 1 1 1 Utility . | . . . . 1 1 Weapon . | . . . . . . Tool/Special . | . . . . . . Unused Backups 5 | . . . . . 5 Power 2 | . . . . . 2 Propulsion 1 | . . . . . 1 Utility 1 | . . . . . 1 Weapon . | . . . . . . Tool/Special 1 | . . . . . 1 Average Slot Usage (%) 6 | . 14 11 3 3 7 Treads 3 | . 14 11 3 . . Processor 1 | . . . . 1 7 Peak Build Rating 9 | 1 1 1 1 9 5 Average Rating 2 | . 1 1 . 2 5 On Entrance 1 | . 1 1 1 . 5 Naked Turns 140 | . . . 61 79 . Heaviest Build . | . . . . . . Greatest Support 3 | 3 3 3 3 3 3 Greatest Overweight (x) . | . . . . . . Average Overweight (x) . | . . . . . . Largest Inventory Capacity 5 | 5 5 5 5 5 5 Average Capacity 5 | 5 5 5 5 5 5 Most Carried 5 | 2 2 3 4 5 5 Average Carried 3 | 1 2 2 3 4 5 Final Capacity 5 | 5 5 5 5 5 5 Final Carried 5 | 2 2 3 4 5 5 Class Distribution -------------------- 100% | Mutant Dominant Class ---------------- Mutant | -10/Materials Mutant | -9/Materials Mutant | -8/Materials Mutant | -7/Factory Mutant | -7/Lower Caves Resources | -11 -10 -9 -8 -7 -7 ----------- Run | Yrd Mat Mat Mat Fac Low Matter Collected 220 | 210 . 10 . . . Remotely . | . . . . . . Salvage Created . | . . . . . . Parts . | . . . . . . Haulers Intercepted . | . . . . . . Recyclers Shooed . | . . . . . . Parts Field Recycled . | . . . . . . Retrieved Matter . | . . . . . . Parts Self-Destructed . | . . . . . . Prevented . | . . . . . . Kills | -11 -10 -9 -8 -7 -7 ------- Run | Yrd Mat Mat Mat Fac Low Combat Hostiles Destroyed . | . . . . . . Classes Destroyed . | . . . . . . Best Kill Streak . | . . . . . . Combat Bots Only . | . . . . . . Max Kills in Single Turn . | . . . . . . Gunslinging . | . . . . . . Exploded . | . . . . . . Melee . | . . . . . . Uniques/NPCs Destroyed . | . . . . . . Combat | -11 -10 -9 -8 -7 -7 -------- Run | Yrd Mat Mat Mat Fac Low Hostile Shots Fired 129 | . 6 19 50 54 . Missed 56 | . 1 9 18 28 . Hits 73 | . 5 10 32 26 . Projectile 73 | . 5 10 32 26 . Critical Strikes 1 | . . . . 1 . Damage Taken 1064 | . 54 91 513 406 . Core 894 | . 43 55 444 352 . Absorbed by Shields . | . . . . . . Core Remaining (%) 71 | 100 82 86 19 . . Volleys Fired . | . . . . . . Largest . | . . . . . . Hottest . | . . . . . . Shots Fired . | . . . . . . Gun . | . . . . . . Cannon . | . . . . . . Launcher . | . . . . . . Special . | . . . . . . Kinetic . | . . . . . . Thermal . | . . . . . . Explosive . | . . . . . . Electromagnetic . | . . . . . . Robot Hit Streak . | . . . . . . Robot Miss Streak . | . . . . . . Penetration Max . | . . . . . . Secondary Targets . | . . . . . . Shots Hit Robots . | . . . . . . Core Hits . | . . . . . . Critical Kills . | . . . . . . Critical Parts Destroyed . | . . . . . . Critical Strikes . | . . . . . . Melee Attacks . | . . . . . . Impact . | . . . . . . Slashing . | . . . . . . Piercing . | . . . . . . Sneak Attacks . | . . . . . . Combat Hostiles . | . . . . . . Follow-up Attacks . | . . . . . . Damage Inflicted . | . . . . . . Guns . | . . . . . . Cannons . | . . . . . . Explosions . | . . . . . . Melee . | . . . . . . Ramming . | . . . . . . Kinetic . | . . . . . . Thermal . | . . . . . . Explosive . | . . . . . . Electromagnetic . | . . . . . . Impact . | . . . . . . Slashing . | . . . . . . Piercing . | . . . . . . Highest Corruption . | . . . . . . Average Corruption . | . . . . . . Corruption Purged . | . . . . . . Corruption Blocked . | . . . . . . Overload Shots . | . . . . . . Overflow Damage . | . . . . . . Projectiles . | . . . . . . Explosions . | . . . . . . Melee . | . . . . . . Knockbacks . | . . . . . . Impact . | . . . . . . Kinetic . | . . . . . . Secondary . | . . . . . . Self-Inflicted Damage . | . . . . . . Shots . | . . . . . . Rammed . | . . . . . . Targets Rammed . | . . . . . . Kicked . | . . . . . . Crushed . | . . . . . . Highest Temperature . | . . . . . . Average Temperature . | . . . . . . Received Heat Transfer 378 | . 30 9 180 159 . Siege Activations . | . . . . . . Martial Activations . | . . . . . . Shielding Activations . | . . . . . . Robots Disrupted . | . . . . . . Combat Hostiles . | . . . . . . Robots Corrupted . | . . . . . . Combat Hostiles . | . . . . . . Parts Fried . | . . . . . . Impact Corruptions . | . . . . . . Robots Melted . | . . . . . . Combat Hostiles . | . . . . . . Parts Melted . | . . . . . . Heat Transferred . | . . . . . . Parts Sabotaged . | . . . . . . Parts Stolen . | . . . . . . Parts Stripped . | . . . . . . Power Chain Reactions . | . . . . . . Alert | -11 -10 -9 -8 -7 -7 ------- Run | Yrd Mat Mat Mat Fac Low Maximum Alert Level . | . . . . . . Low Security (%) 100 | 100 100 100 100 100 . Level 1 . | . . . . . . Level 2 . | . . . . . . Level 3 . | . . . . . . Level 4 . | . . . . . . Level 5 . | . . . . . . High Security . | . . . . . . Max Security . | . . . . . . Peak Influence 50 | . . 24 50 45 . Initial 22 | . . . 5 22 . Average 12 | . . 4 9 21 . Influence Increases 179 | . . 24 65 90 . Successful Hack 14 | . . 9 5 . . Partial Spotted 30 | . . . 15 15 . Lose Combat Pursuer 135 | . . 15 45 75 . Influence Decreases 179 | . . 10 29 95 45 Entered New Map 55 | . . . 9 28 18 Time Decay 114 | . . 10 20 57 27 Lost Part 10 | . . . . 10 . Squads Dispatched 6 | . 1 . 3 2 . Investigation 3 | . . . 2 1 . Extermination . | . . . . . . Reinforcement 3 | . 1 . 1 1 . Assault . | . . . . . . Garrison . | . . . . . . Intercept . | . . . . . . Searches Triggered . | . . . . . . Construction Impeded . | . . . . . . Haulers Reinforced . | . . . . . . Active Scanning Responses . | . . . . . . Cargo Convoy Interrupts . | . . . . . . Stealth | -11 -10 -9 -8 -7 -7 --------- Run | Yrd Mat Mat Mat Fac Low Distress Signals 3 | . . 2 1 . . Communications Jammed . | . . . . . . Distress Signals . | . . . . . . Times Spotted 35 | . 3 7 13 12 . Peak Tracking Total 8 | . 2 7 8 7 . Tactical Retreats 4 | . . 1 1 2 . Traps | -11 -10 -9 -8 -7 -7 ------- Run | Yrd Mat Mat Mat Fac Low Traps Triggered 3 | . . 1 . 2 . Indirectly . | . . . . . . Trap Hack Attempts . | . . . . . . Triggered . | . . . . . . Disarmed . | . . . . . . Reprogrammed . | . . . . . . Reused . | . . . . . . Traps Extracted . | . . . . . . Installed . | . . . . . . Triggered . | . . . . . . Machines | -11 -10 -9 -8 -7 -7 ---------- Run | Yrd Mat Mat Mat Fac Low Machines Disabled . | . . . . . . Max in Single Turn . | . . . . . . Garrison Access 1 | . . . . 1 . Machines Repaired . | . . . . . . Machines Dismantled . | . . . . . . Machines Sabotaged . | . . . . . . Overloaded Fab Kills . | . . . . . . Hacking | -11 -10 -9 -8 -7 -7 --------- Run | Yrd Mat Mat Mat Fac Low Machines Accessed 5 | . . 1 2 2 . Terminals 4 | . . 1 2 1 . Fabricators . | . . . . . . Repair Stations . | . . . . . . Recycling Units . | . . . . . . Scanalyzers . | . . . . . . Garrison Access 1 | . . . . 1 . Total Hacks 11 | . . 1 6 4 . Successful 3 | . . 1 1 1 . Failed 8 | . . . 5 3 . Catastrophic 2 | . . . 1 1 . Database Lockouts . | . . . . . . Manual 9 | . . 1 6 2 . Terminals 9 | . . 1 6 2 . Fabricators . | . . . . . . Repair Stations . | . . . . . . Recycling Units . | . . . . . . Scanalyzers . | . . . . . . Garrison Access 2 | . . . . 2 . Terminal Hacks 1 | . . 1 . . . Level Access Points 1 | . . 1 . . . Fabricator Hacks . | . . . . . . Repair Station Hacks . | . . . . . . Recycling Unit Hacks . | . . . . . . Scanalyzer . | . . . . . . Garrison Access Hacks 1 | . . . . 1 . Seal Access 1 | . . . . 1 . Unauthorized Hacks 1 | . . . 1 . . Terminals 1 | . . . 1 . . Botnet 1 | . . . 1 . . Fabricators . | . . . . . . Repair Stations . | . . . . . . Recycling Units . | . . . . . . Scanalyzers . | . . . . . . Garrison Access . | . . . . . . Data Cores Recovered . | . . . . . . Used . | . . . . . . Hacking Detections 3 | . . . 2 1 . Full Trace Events 3 | . . . 2 1 . Feedback Events . | . . . . . . Feedback Blocked . | . . . . . . Robot Schematics Acquired . | . . . . . . Robots Built . | . . . . . . Authchips . | . . . . . . Time . | . . . . . . Total Robot Build Rating . | . . . . . . Part Schematics Acquired . | . . . . . . Parts Built . | . . . . . . Authchips . | . . . . . . Time . | . . . . . . Total Part Build Rating . | . . . . . . Parts Repaired . | . . . . . . Time . | . . . . . . Parts Recycled . | . . . . . . Recycled Matter . | . . . . . . Retrieved Matter . | . . . . . . Retrieved Components . | . . . . . . Parts Scanalyzed . | . . . . . . Part Schematics Acquired . | . . . . . . Parts Damaged . | . . . . . . Bothacking | -11 -10 -9 -8 -7 -7 ------------ Run | Yrd Mat Mat Mat Fac Low Used RIF Installer . | . . . . . . Robots Hacked . | . . . . . . Non-combat . | . . . . . . Combat . | . . . . . . Robot Hacks Applied . | . . . . . . Relay Couplers Released . | . . . . . . Fabnet Peak Effective % . | . . . . . . Robots Rewired . | . . . . . . Allies Hacked . | . . . . . . Hacks Repelled . | . . . . . . Allies | -11 -10 -9 -8 -7 -7 -------- Run | Yrd Mat Mat Mat Fac Low Total Allies . | . . . . . . Largest Group . | . . . . . . Highest-Rated Group . | . . . . . . Highest-Rated Ally . | . . . . . . Total Orders . | . . . . . . Ally Attacks . | . . . . . . Total Damage . | . . . . . . Kills . | . . . . . . Allies Corrupted . | . . . . . . Allies Melted . | . . . . . . Intel | -11 -10 -9 -8 -7 -7 ------- Run | Yrd Mat Mat Mat Fac Low Active Infowar (turns) . | . . . . . . Robot Analysis Total . | . . . . . . Derelict Logs Recovered . | . . . . . . Drone Launches . | . . . . . . Drone Recoveries . | . . . . . . Exploration | -11 -10 -9 -8 -7 -7 ------------- Run | Yrd Mat Mat Mat Fac Low Turns Passed 386 | 17 31 48 82 126 82 Spaces Moved 747 | 27 62 91 161 244 162 Core 747 | 27 62 91 161 244 162 Treads . | . . . . . . Legs . | . . . . . . Wheels . | . . . . . . Hover . | . . . . . . Flight . | . . . . . . Fastest Speed 50 | 50 50 50 50 50 50 Average Speed 50 | 50 50 50 50 50 50 Slowest Speed 50 | 50 50 50 50 50 50 Overloaded Moves . | . . . . . . Propulsion Burnouts . | . . . . . . Robots Hopped . | . . . . . . Potential Cave-ins . | . . . . . . Cave-ins Triggered . | . . . . . . Exploration Rate (%) 16 | 4 22 16 23 11 24 Regions Visited 5 Branch Regions 1 Pre-discovered Areas . | . . . . . . Known Exits Taken 1 | . . 1 . . . Unknown Exits Taken 4 | 1 1 . 1 1 . Scrap Searched . | . . . . . . Spaces Dug . | . . . . . . Terrain Destroyed . | . . . . . . Melee . | . . . . . . Projectile . | . . . . . . AOE . | . . . . . . Terrain Rammed . | . . . . . . Walls Destroyed . | . . . . . . Machines Disabled . | . . . . . . Actions | -11 -10 -9 -8 -7 -7 --------- Run | Yrd Mat Mat Mat Fac Low Total 751 | 29 61 92 161 246 162 Wait . | . . . . . . Move 742 | 26 61 90 160 243 162 Hop . | . . . . . . Pick Up 5 | 2 . 1 1 1 . Fast Attach 4 | 1 . 1 . 2 . Attach . | . . . . . . Detach . | . . . . . . Swap . | . . . . . . Drop . | . . . . . . Fire . | . . . . . . Melee . | . . . . . . Ram . | . . . . . . Kick . | . . . . . . Crush . | . . . . . . Escape Stasis . | . . . . . . Rewire . | . . . . . . Trap . | . . . . . . Miscellaneous . | . . . . . . Route ------- -11/Scrapyard -10/Materials -9/Materials (discovered 3 exits: *Mat x3) -8/Materials -7/Factory -7/Lower Caves History --------- Turn | Location | Event 8 | -11/Scrapyard | Discovered new exit (range 16) 18 | -11/Scrapyard | Entered Materials 42 | -10/Materials | Discovered new exit (range 15) 49 | -10/Materials | Entered another Materials area 49 | -9/Materials | Evolved 2 slots: Propulsion x2 81 | -9/Materials | Identified exit to Materials 97 | -9/Materials | Entered another Materials area 97 | -8/Materials | Evolved 2 slots: Utility x2 152 | -8/Materials | Core integrity fell below 50% 169 | -8/Materials | Discovered new exit (range 16) 176 | -8/Materials | Core integrity fell below 20% 179 | -8/Materials | Entered Factory 179 | -7/Factory | Evolved 2 slots: Propulsion x2 301 | -7/Factory | Build established: Mutant 301 | -7/Factory | Discovered new exit (range 9) 305 | -7/Factory | Entered Lower Caves 306 | -7/Lower Caves | Core integrity fell below 50% 387 | -7/Lower Caves | Self-destructed Last Messages --------------- 00250_ A bubble of electromagnetic force engulfs the area. 00250_ Door malfunctions. 00258_ Acquired Gravmag System. 00267_ Triggered Ambush Trap. 00267_ B-48 Gladiator emerges from a hatch in the floor. 00267_ S-27 Virus emerges from a hatch in the floor. 00267_ G-47 Trooper emerges from a hatch in the floor. 00274_ Critical hit (Burn: +37). 00280_ Acquired Adv. Terrain Scan Processor. 00284_ Acquired Mic. Nuclear Core. 00297_ Gravmag System destroyed. 00301_ EXIT=FOUND LOCATION=UNKNOWN GOAL=ESCAPE 00347_ K2-R82(k) breaks down the debris. 00355_ 40-FD9(k) breaks down the debris. Map ----- +----------------------------------------------------+ | ???##### ####### """ " #??????? | | ?### ## " "" #??????? | | ## " " # ##?????? | | ######### " ## #?????? | | ##???????# ### #?????? | | # #????????# #?# ##?????? | | # #????????########### ###### #??????? | | ## ## #???????????# #### #??????? | | # ####### ???????????# ###### #??????? | | ####?????# ??????????# #????# ###??????? | | ????????? ?????????# #????## ##????????? | | ##??????? # ????????# #?????### #?????????? | | #??????? ???????# #???????## #????????? | | ##?????# ?????##S #????????# #????????? | | #?????###### # ###???# #####?##### ##????????? | | ##??????????# ##### ### #####?????????? | | #####???????# # ## ##???????????? | | ##??????## #??####?????? | | #???#### ##### ### #?????? | | # # ##### #???# #?????? | | # # # ## #???# ## #?????? | | # # ## ###??## #### ##?????? | | #### ##### #???## ##??## #??????? | | ???# ### ##### ######????#######??????? | | #### # ##### ##?????????????????????? | | ###??# @ #?????????????????????? | | ##????## S #?????????????????????? | | # #????## #????????????????????? | | # # #????# ## #????????????????????? | | # ##????## #### ##????????????????????? | | # ##??????##???##########?????????????????????? | | #####????????????????????????????????????????????? | | ?????????????????????????????????????????????????? | | ?????????????????????????????????????????????????? | | ?????????????????????????????????????????????????? | | ?????????????????????????????????????????????????? | | ?????????????????????????????????????????????????? | | ?????????????????????????????????????????????????? | | ?????????????????????????????????????????????????? | | ?????????????????????????????????????????????????? | | ?????????????????????????????????????????????????? | | ?????????????????????????????????????????????????? | | ?????????????????????????????????????????????????? | | ?????????????????????????????????????????????????? | | ?????????????????????????????????????????????????? | | ?????????????????????????????????????????????????? | | ?????????????????????????????????????????????????? | | ?????????????????????????????????????????????????? | | ?????????????????????????????????????????????????? | | ?????????????????????????????????????????????????? | +----------------------------------------------------+ Best States ------------- Heat Dissipation 34 Energy Generation 5 Energy Capacity 100 Matter Stores 300 Matter Capacity 300 Sight Range 16 Terrain Scan Density 210 Evasion (%) 50 Item Schematics ----------------- None Robot Schematics ------------------ None Fabricated ------------ Nothing Repaired ---------- Nothing Alien Tech Used ----------------- None Achievements -------------- None Challenges ------------ None Game ------ Seed DiametricPersonalMatter Manual? 0 Play Time 00:05:51 Cumulative 275.7 hours Start 2025.06.02 @ 23:23:52 End 2025.06.02 @ 23:29:11 Sessions 1 Manual Loads 0 Difficulty Rogue Special Mode None Game No. 145 Rogue 137 Adventurer 8 Explorer 0 Win Type - Total 11 Types 6/0/2/2/0/0/0/0/0/1 Lore% 86 Gallery% 83 Achievement% 72 Wizard Run 0 Options --------- Layout 2 ASCII 0 Keyboard 1 Movement Numpad Keybinds 1 Fullscreen 1 Font 48/Smallcaps Map View 50x44 Zoom Use 0% Tactical HUD 1 Map Filters NONE Filters NONE Steam 1 RUN: e7ee2bfe-4a2c-4325-9007-87fa76c3910b